 Dungeon Crawl Stone Soup version 0.30-a0-802-gb92711bcdf (webtiles) character file.

Game seed: 10703252232427758814

2137 demibob the Carver (level 9, -3/70 HPs)
             Began as a Minotaur Fighter on Feb 24, 2023.
             Was an Initiate of Gozag.
             Slain by a large abomination (9 damage)
             ... on level 1 of the Abyss.
             The game lasted 00:05:01 (4416 turns).

demibob the Carver (Minotaur Fighter)               Turns: 4416, Time: 00:05:02

Health: -3/70      AC: 10    Str: 21    XL:     9   Next: 9%
Magic:  0/8        EV: 18    Int:  7    God:    Gozag
Gold:   405        SH:  0    Dex: 17    Spells: 8/8 levels left

rFire   . . .      SeeInvis +    a - +0 long sword
rCold   . . .      Faith    .    (no shield)
rNeg    . . .      Spirit   +    b - +0 scale mail
rPois   +          Reflect  .    (helmet restricted)
rElec   .          Harm     .    j - +1 cloak {rPois}
rCorr   .          Rampage  .    (no gloves)
Will    .....                    (no boots) Stlth
                                 q - amulet of guardian spirit
HPRegen 0.31/turn                l - ring of Geiget {Dex+5 SInv}
MPRegen 0.11/turn                E - +5 ring of evasion

@: mighty
A: horns 2, retaliatory headbutt
a: Renounce Religion, Potion Petition, Call Merchant, Bribe Branch


You were on level 1 of the Abyss.
You worshipped Gozag.
Gozag was aware of your devotion.
You visited 2 branches of the dungeon, and saw 7 of its levels.
You visited the Abyss 1 time.

You collected 463 gold pieces.
You paid 58 gold pieces to Gozag.


Innate Abilities, Weirdness & Mutations

You have a pair of horns on your head.
You reflexively headbutt those who attack you in melee.


   Skills:
 - Level 3.6 Fighting
 + Level 11.1 Long Blades
 + Level 6.5 Armour
 - Level 6.9 Dodging
 - Level 3.6 Shields


You had 8 spell levels left.
You didn't know any spells.
Your spell library contained the following spells:

 Spells                   Type           Power      Damage    Failure   Level
 Foxfire                  Conj/Fire      0%         2x1d4     75%         1
 Cigotuvi's Dreadful Rot  Necr/Pois/Air  0%         N/A       86%         2
 Ensorcelled Hibernation  Hex/Ice        0%         N/A       86%         2
 Inner Flame              Hex/Fire       0%         N/A       98%         3
 Spider Form              Tmut/Pois      0%         N/A       98%         3
 Anguish                  Hex/Necr       0%         N/A       100%        4
 Cause Fear               Hex            0%         N/A       100%        4
 Dispel Undead            Necr           0%         3d6       100%        4
 Fireball                 Conj/Fire      0%         3d3       100%        5
 Death Channel            Necr           0%         N/A       100%        6
 Starburst                Conj/Fire      0%         6d3       100%        6
 Discord                  Hex            0%         N/A       100%        8

Inventory:

Hand Weapons
 a - a +0 long sword (weapon)
Armour
 b - a +0 scale mail (worn)
 j - a +1 cloak of poison resistance (worn)
 u - a +0 pair of gloves
 x - a +2 plate armour of poison resistance
Jewellery
 l - the ring of Geiget (left hand) {Dex+5 SInv}
   (You found it on level 3 of the Dungeon)

   [ring of see invisible]

   Dex:       It affects your dexterity (+5).
   SInv:      It lets you see invisible.
 q - an amulet of guardian spirit (around neck)
 E - a +5 ring of evasion (right hand)
Wands
 c - a wand of paralysis (12)
 n - a wand of iceblast (10)
Scrolls
 e - a scroll of noise
 f - 2 scrolls of teleportation {@r2}
 m - a scroll of poison
 t - a scroll of fear
Potions
 g - 4 potions of curing {@q1}
 i - 3 potions of brilliance
 k - a potion of magic
 o - a potion of lignification
 p - a potion of berserk rage {unknown}
 r - a potion of mutation {unknown}
 s - a potion of invisibility {unknown}
 v - a potion of heal wounds {unknown}
 w - a potion of flight {unknown}

Dungeon Overview and Level Annotations

Branches:
Dungeon (6/15)             Temple (1/1) D:4

Altars:
Ashenzari
Cheibriados
Dithmenos
Elyvilon
Fedhas
Gozag
Hepliaklqana
Kikubaaqudgha
Makhleb
Nemelex Xobeh
Qazlal
Ru
Sif Muna
Trog
Uskayaw
Xom
Zin
The Shining One

Annotations:
D:6 Maggie

▓... .▓. ▓▓....
... ...... ..⚑
...... ..#
#..#.# ▒.▒#
##.....###...##
........#.....▒.
......X@........
░░......#.....▒.
░.....▒▒▒...▒▒
....#.# ▒.▒▒ ...
.. .▒ ##.... ..#
#... ... .....
.# ....


You could see a large abomination.


Message History

Found a corrupted altar of Lugonu.
The large abomination hits you!!
You hit the large abomination but do no damage.
You headbutt the large abomination.
The large abomination is lightly damaged.
The large abomination completely misses you.
You furiously retaliate!
You headbutt the large abomination! You closely miss the large abomination.
The large abomination is moderately damaged.
The large abomination hits you!
* * * LOW HITPOINT WARNING * * *
You feel very mighty all of a sudden. The large abomination misses you.
You slash the large abomination!
The large abomination is heavily damaged.
The large abomination hits you!!
* * * LOW HITPOINT WARNING * * *
Okay, then.
Okay, then.
You hit the large abomination.
The large abomination is severely damaged.
The large abomination closely misses you.
You slash the large abomination!
The large abomination is almost destroyed.
The large abomination misses you.
You hit the large abomination but do no damage.
The large abomination is almost destroyed.
The large abomination hits you!
You die...
Your body crumbles into a pile of gold.

Skill      XL: |  1  2  3  4  5  6  7  8  9 |
---------------+----------------------------+-----
Long Blades    | 3 4 5 6 7 9 10 11 | 11.1
Dodging        | 2 4 6 |  6.9
Armour         | 6 |  6.5
Fighting       | |  3.6
Shields        | |  3.6

Action                     |  1- 3 |  4- 6 |  7- 9 || total
---------------------------+-------+-------+-------++-------
  Melee: Long sword        |    54 |    76 |   155 ||   285
         Headbutt          |     4 |    10 |    40 ||    54
         Punch             |       |       |     2 ||     2
  Evoke: Wand              |       |     1 |       ||     1
    Use: Scroll            |     5 |     4 |     3 ||    12
         Potion            |       |       |     1 ||     1
   Stab: Paralysed         |       |     1 |       ||     1
 Armour: Scale mail        |    44 |    33 |    25 ||   102
  Dodge: Dodged            |    37 |    26 |    97 ||   160

Levels and vault maps discovered:
D:1:      dpeg_arrival_more_subterranean_lakeside_camping, layout_loops_ring,
          minmay_three_crescents
D:2:      layout_basic, grunt_ministairs_8, uniq_jessica,
          uniq_crazy_yiuf_cottage
D:3:      layout_basic, grunt_temple_overflow_open, st_stairs_13,
          minmay_misc_feat_ornament, minmay_misc_feat_tiny,
          ebering_dispersal_statue_hall, nrook_mini_backslash, uniq_sigmund
D:4:      layout_basic, minmay_temple_entry_sparse_star, skrybe_limestone_x,
          minmay_misc_feat_encased, minmay_diced_spiral, uniq_grinder
D:5:      layout_loops_cross, minmay_checkerbox, uniq_blork_the_orc,
          uniq_prince_ribbit1
D:6:      layout_loops_ring, portal_sewer_entry_e, uniq_pikel, uniq_maggie,
          uniq_edmund
Temple:   dpeg_three_leaves_temple
Abyss:1:  base:
D:5

Notes
Turn   | Place    | Note
-------+----------+-------------------------------------------
     0 | D:1      | demibob the Minotaur Fighter began the quest for the Orb.
     0 | D:1      | Reached XP level 1. HP: 19/19 MP: 0/0
    81 | D:1      | Reached skill level 3 in Long Blades
    90 | D:1      | Reached XP level 2. HP: 13/26 MP: 1/1
   929 | D:2      | Reached skill level 4 in Long Blades
   946 | D:2      | Reached XP level 3. HP: 28/31 MP: 2/2
  1308 | D:2      | Noticed Jessica
  1316 | D:2      | Killed Jessica
  1317 | D:2      | Reached skill level 5 in Long Blades
  1505 | D:2      | Reached XP level 4. HP: 39/39 MP: 3/3
  1557 | D:2      | Found a runed translucent door.
  1558 | D:2      | Noticed Crazy Yiuf
  1564 | D:2      | Killed Crazy Yiuf
  1637 | D:3      | Found a bloodstained altar of Trog.
  1638 | D:3      | Found a burning altar of Makhleb.
  1642 | D:3      | Found a shadowy altar of Dithmenos.
  1642 | D:3      | Found a glowing silver altar of Zin.
  1694 | D:3      | Identified the ring of Geiget {Dex+5 SInv}
  2136 | D:3      | Noticed Sigmund
  2165 | D:3      | Killed Sigmund
  2166 | D:3      | Reached skill level 6 in Long Blades
  2166 | D:3      | Reached skill level 2 in Dodging
  2166 | D:3      | Reached XP level 5. HP: 18/45 MP: 4/4
  2166 | D:3      | Reached XP level 6. HP: 20/51 MP: 5/5
  2343 | D:3      | Reached skill level 3 in Dodging
  2486 | D:4      | Noticed Grinder
  2508 | D:4      | Killed Grinder
  2509 | D:4      | Reached skill level 7 in Long Blades
  2509 | D:4      | Reached skill level 4 in Dodging
  2671 | D:4      | Reached XP level 7. HP: 57/57 MP: 6/6
  2698 | D:4      | Found a staircase to the Ecumenical Temple.
  2715 | Temple   | Entered the Ecumenical Temple
  2724 | Temple   | Became a worshipper of Gozag Ym Sagoz the Greedy
  2885 | D:4      | Reached skill level 8 in Long Blades
  3175 | D:5      | Entered Level 5 of the Dungeon
  3198 | D:5      | Reached skill level 5 in Dodging
  3450 | D:5      | Noticed Blork the orc
  3460 | D:5      | Killed Blork the orc
  3604 | D:5      | Noticed Prince Ribbit
  3612 | D:5      | Reached skill level 6 in Dodging
  3618 | D:5      | Reached skill level 9 in Long Blades
  3621 | D:5      | Reached XP level 8. HP: 59/64 MP: 5/7
  3623 | D:5      | Killed Prince Ribbit
  3812 | D:5      | Reached skill level 10 in Long Blades
  3812 | D:5      | Reached skill level 4 in Armour
  4140 | D:6      | Noticed Pikel
  4159 | D:6      | Killed Pikel
  4160 | D:6      | Reached skill level 6 in Armour
  4224 | D:6      | Noticed Maggie
  4225 | D:6      | Reached XP level 9. HP: 70/70 MP: 8/8
  4234 | D:6      | Reached skill level 11 in Long Blades
  4252 | D:6      | You are cast into the Abyss!
  4252 | Abyss:1  | Cast into level 1 of the Abyss (Maggie)
  4377 | Abyss:1  | Noticed a death drake
  4407 | Abyss:1  | Found a corrupted altar of Lugonu.
  4407 | Abyss:1  | Found a corrupted altar of Lugonu.
  4407 | Abyss:1  | Noticed a large abomination
  4407 | Abyss:1  | Found a corrupted altar of Lugonu.
  4413 | Abyss:1  | HP: 5/70 [large abomination (31)]
  4416 | Abyss:1  | Slain by a large abomination

Vanquished Creatures
  Pikel (D:6)
  Grinder (D:4)
  Prince Ribbit (D:5)
  Sigmund (D:3)
  2 ice beasts (D:5)
  A phantom (D:4)
  A scorpion (D:5)
  Blork the orc (D:5)
  A gnoll sergeant (D:6)
  A small abomination (Abyss:1)
  2 howler monkeys
  A jelly (D:5)
  A gnoll bouda (D:5)
  5 hounds
  An orc priest (D:5)
  Crazy Yiuf (D:2)
  Jessica (D:2)
  3 iguanas
  2 orc wizards
  6 adders
  8 gnolls
  A white imp (D:6)
  A dart slug (D:3)
  5 orcs
  3 bats (D:1)
  4 endoplasms
  6 giant cockroaches
  3 goblins
  4 hobgoblins
  3 jackals (D:3)
  3 quokkas
  12 ball pythons
  3 frilled lizards
  5 rats (D:1)
95 creatures vanquished.

Table legend: (Time is in decaauts)
 A = Elapsed time spent in this place.
 B = Non-inter-level travel time spent in this place.
 C = Inter-level travel time spent in this place.
 D = Time resting spent in this place.
 E = Time spent auto-exploring this place.
 F = Levels seen in this place.
 G = Mean time per level.
                   A        B        C        D        E       F      G
               +--------+--------+--------+--------+--------+-----+--------+
         Total |   4423 |   4314 |    109 |    218 |   3397 |   8 |  552.9 |
       Dungeon |   4246 |   4142 |    104 |     98 |   3396 |   6 |  707.7 |
        Temple |     14 |      9 |      5 |      0 |      1 |   1 |   14.0 |
         Abyss |    162 |    162 |      0 |    120 |      0 |   1 |  162.0 |
               +--------+--------+--------+--------+--------+-----+--------+

Top non-repeatable levels by time:
     D:5: 959 daAuts
     D:1: 918 daAuts
     D:3: 890 daAuts
     D:2: 695 daAuts
     D:4: 675 daAuts
 Abyss:1: 162 daAuts
     D:6: 106 daAuts
  Temple: 14 daAuts

Table legend:
 A = Non-vault XP
 B = Vault XP
 C = Vault XP percentage of total XP
 D = Non-vault monster count
 E = Vault monster count
 F = Vault count percentage of total count
                 A         B        C        D         E       F
            +---------+---------+-------+---------+---------+-------
      Total |    1171 |    1883 |  61.7 |      72 |      23 |  24.2
            +---------+---------+-------+---------+---------+-------
        D:1 |      18 |       9 |  33.3 |      13 |       6 |  31.6
        D:2 |      31 |      78 |  71.6 |      12 |       3 |  20.0
        D:3 |      31 |     232 |  88.2 |      10 |       2 |  16.7
        D:4 |      95 |     444 |  82.4 |       5 |       5 |  50.0
        D:5 |     659 |     513 |  43.8 |      19 |       6 |  24.0
        D:6 |     263 |     607 |  69.8 |      12 |       1 |   7.7
    Abyss:1 |      74 |       0 |   0.0 |       1 |       0 |   0.0
            +---------+---------+-------+---------+---------+-------
